 Dungeon Crawl Stone Soup version 0.32-a0-913-g739538afd8 (webtiles) character file.

Game seed: 7417522416488400303

150 smashvw the Trooper (level 5, 0/40 (46) HPs)
             Began as an Armataur Berserker on Apr 8, 2024.
             Was a Believer of Trog.
             Slain by an orc
             ... wielding a +2 antimagic flail
              (10 damage)
             ... on level 3 of the Dungeon.
             The game lasted 00:03:37 (1622 turns).

smashvw the Trooper (Armataur Berserker)            Turns: 1622, Time: 00:03:38

HP:   0/40 (46)     AC:  4    Str: 24    XL:     5   Next: 10%
MP:   0/5           EV:  8    Int:  7    God:    Trog [**....]
Gold: 63            SH:  0    Dex: 10    Spells: 4/4 levels left

rFire   . . .        a - +0 mace
rCold   . . .        (no shield)
rNeg    . . .        b - +0 animal skin
rPois   .            (no helmet)
rElec   .            (no cloak)
rCorr   .            (no gloves)
SInv    .            (no barding)
Will    .....        (no amulet)
Stlth   ++           (no ring)
HPRegen 0.26/turn    (no ring)
MPRegen 0.42/turn

%: roll
@: heavily drained
A: large, deformed body, tough skin 3, armoured tail, rollpage 1
a: Renounce Religion, Berserk, Trog's Hand


You were on level 3 of the Dungeon.
You worshipped Trog.
Trog was pleased with you.
You visited 1 branch of the dungeon, and saw 3 of its levels.

You collected 63 gold pieces.

Inventory:

Hand Weapons
 a - a +0 mace (weapon)
Armour
 b - a +0 animal skin (worn)
Scrolls
 c - 2 scrolls of amnesia {unknown}
 e - 2 scrolls of poison {unknown}
 g - 3 scrolls of identify {unknown}
 h - a scroll of enchant weapon {unknown}
 i - a scroll of fear {unknown}
 m - a scroll of revelation {unknown}
 n - a scroll of teleportation {unknown}
 r - a scroll of torment {unknown}
Potions
 d - 2 potions of heal wounds {unknown}
 f - 2 potions of lignification {unknown}
 j - a potion of degeneration {unknown}
 k - a potion of cancellation {unknown}
 l - a potion of berserk rage {unknown}
 o - a potion of attraction {unknown}
 p - a potion of enlightenment {unknown}
 q - 2 potions of curing {unknown}
 s - a potion of invisibility {unknown}


   Skills:
 + Level 3.8 Fighting
 + Level 3.7 Maces & Flails
 + Level 2.4 Armour
 - Level 1.3 Dodging
 - Level 3.0 Stealth


You had 4 spell levels left.
You didn't know any spells.
Your spell library was empty.

Dungeon Overview and Level Annotations

Branches:
Dungeon (3/15)

Altars:
Okawaru


Innate Abilities, Weirdness & Mutations

Armour fits poorly on your strangely shaped body.
You have extremely tough skin. (AC +3)
You have a long armoured tail.
You regenerate magic when rolling toward enemies. (Rampage MPRegen)


Message History

The endoplasm is almost dead.
The endoplasm hits you but does no damage.
You hit the endoplasm.
You kill the endoplasm!
Trog accepts your kill.
No target in view!
q - 2 sapphire potions (gained 1)
s - a metallic pink potion An orc comes into view.
It is wielding a +0 dagger of draining.
An orc comes into view. It is wielding a +2 antimagic flail.
An orc comes into view. It is wielding a +0 flail.
The orc shouts! x2
You roll towards the orc!
Found 9 gold pieces.
The orc hits you with a +0 dagger of draining.
You feel drained.
You closely miss the orc. You hit the orc.
The orc is lightly wounded.
The orc barely misses you. The orc hits you but does no damage.
You feel drained.
You hit the orc.
The orc is moderately wounded.
The orc hits you with a +0 dagger of draining.
You feel drained. The orc completely misses you.
The orc hits you with a +0 flail.
You barely miss the orc.
The orc is moderately wounded.
The orc hits you with a +2 antimagic flail!
You feel your power leaking away. The orc hits you but does no damage.
You feel drained. The orc hits you but does no damage.
You barely miss the orc.
Your tail-slap misses the orc.
The orc is moderately wounded.
The orc hits you with a +2 antimagic flail!
The orc hits you but does no damage.
You feel drained. The orc hits you with a +0 flail.
The orc hits you but does no damage.
You feel drained. The orc hits you with a +0 flail.
* * * LOW HITPOINT WARNING * * *
The orc hits you with a +2 antimagic flail!
You die...

..........#
#########.# #.#
.### #.#
....#######.#
.........##.######
.................#
......o..#.......#
......o@.#.......#
.......o.#########
.........#
.$.......#
.........#
##########


You could see 3 orcs.

Vanquished Creatures
  A phantom (D:2)
  2 adders
  2 ribbon worms (D:2)
  A dart slug (D:1)
  3 ball pythons
  3 endoplasms
  3 giant cockroaches
  8 goblins
  2 hobgoblins (D:1)
  7 jackals
  9 kobolds
  5 frilled lizards
  A rat (D:1)
47 creatures vanquished.

Notes
Turn   | Place    | Note
-------+----------+-------------------------------------------
     0 | D:1      | smashvw the Armataur Berserker began the quest for the Orb.
     0 | D:1      | Reached XP level 1. HP: 18/18 MP: 1/1
   188 | D:1      | Reached skill level 1 in Stealth
   192 | D:1      | Reached XP level 2. HP: 16/25 MP: 2/2
   384 | D:1      | Reached ** piety under Trog
   409 | D:1      | Reached XP level 3. HP: 26/31 MP: 3/3
   872 | D:2      | Noticed a phantom
   885 | D:2      | Killed a phantom
   886 | D:2      | Reached XP level 4. HP: 38/39 MP: 4/4
  1442 | D:3      | Reached XP level 5. HP: 36/46 MP: 5/5
  1535 | D:3      | Found an iron altar of Okawaru.
  1622 | D:3      | Slain by an orc

Illustrated notes

Levels and vault maps discovered:
D:1:      spicycebolla_arrival_risky_transporter, layout_loops_ring
D:2:      layout_rooms, grunt_decor_cap
D:3:      layout_basic, okawaru_trees_2

Skill      XL: |  1  2  3  4 |
---------------+-------------+-----
Stealth        | 1 2 3 |  3.0
Fighting       | 3 |  3.8
Maces & Flails | 3 |  3.7
Armour         | |  2.4
Dodging        | |  1.3

Action                     |  1- 3 |  4- 6 || total
---------------------------+-------+-------++-------
  Melee: Mace              |    70 |    54 ||   124
         Tailslap          |     6 |     5 ||    11
 Invoke: Berserk           |     1 |       ||     1
   Stab: Sleeping          |     3 |     2 ||     5
 Armour: Animal skin       |    46 |    46 ||    92
  Dodge: Dodged            |    27 |    31 ||    58

Table legend: (Time is in decaauts)
 A = Elapsed time spent in this place.
 B = Non-inter-level travel time spent in this place.
 C = Inter-level travel time spent in this place.
 D = Time resting spent in this place.
 E = Time spent auto-exploring this place.
 F = Levels seen in this place.
 G = Mean time per level.
                   A        B        C        D        E       F      G
               +--------+--------+--------+--------+--------+-----+--------+
         Total |   1656 |   1598 |     58 |     42 |   1261 |   3 |  552.0 |
       Dungeon |   1656 |   1598 |     58 |     42 |   1261 |   3 |  552.0 |
               +--------+--------+--------+--------+--------+-----+--------+

Top non-repeatable levels by time:
     D:1: 806 daAuts
     D:2: 605 daAuts
     D:3: 244 daAuts
